 Dungeon Crawl Stone Soup version 0.31-a0-145-g046c7d2549 (webtiles) character file.

Game seed: 15797774925030946948

2251 qw the Skirmisher (level 9, 0/74 (79) HPs)
             Began as a Minotaur Hunter on June 7, 2023.
             Was an Initiate of Okawaru.
             Succumbed to a wight's poison
             ... on level 6 of the Dungeon.
             The game lasted 00:02:30 (4860 turns).

qw the Skirmisher (Minotaur Hunter)                 Turns: 4860, Time: 00:02:31

HP:   0/74 (79)     AC: 10    Str: 16    XL:     9   Next: 15%
MP:   8/8           EV: 12    Int:  6    God:    Okawaru [......]
Gold: 198           SH:  0    Dex: 18    Spells: 8/8 levels left

rFire   + . .        Y - +1 shortbow
rCold   . . .        (shield currently unavailable)
rNeg    . . .        p - +1 ring mail {rF+}
rPois   .            (helmet unavailable)
rElec   .            g - +0 cloak
rCorr   .            b - +0 pair of gloves
SInv    .            f - +0 pair of boots
Will    .....        i - amulet of regeneration
Stlth   +            (no ring)
HPRegen 1.12/turn    (no ring)
MPRegen 0.11/turn

%: no passive effects
@: lethally poisoned (0 -> -20), about to teleport, drained
A: horns 3, retaliatory headbutt, wild magic 1, inability to read after injury
1, MP-powered wands
a: Renounce Religion


You were on level 6 of the Dungeon.
You worshipped Okawaru.
Okawaru was noncommittal.
You visited 2 branches of the dungeon, and saw 8 of its levels.

You collected 387 gold pieces.
You spent 189 gold pieces at shops.


Innate Abilities, Weirdness & Mutations

You have a pair of large horns on your head.
You reflexively headbutt those who attack you in melee.
Your spells are a little harder to cast, but a little more powerful.
You occasionally lose the ability to read scrolls when taking damage.
You expend magic power (3 MP) to strengthen your wands.


   Skills:
 - Level 7.1 Fighting
 + Level 11.4 Ranged Weapons
 - Level 4.0 Armour
 - Level 4.0 Dodging
 - Level 0.7 Stealth
 - Level 0.8 Invocations


You had 8 spell levels left.
You didn't know any spells.
Your spell library was empty.

Inventory:

Hand Weapons
 Y - a +1 shortbow (weapon)
Armour
 b - a +0 pair of gloves (worn)
 f - a +0 pair of boots (worn)
 g - a +0 cloak (worn)
 p - a +1 ring mail of fire resistance (worn)
Jewellery
 i - an amulet of regeneration (around neck)
Wands
 l - a wand of digging (6)
Scrolls
 c - a scroll of identify
 h - 3 scrolls of teleportation
Potions
 a - a potion of enlightenment {unknown}
 k - a potion of ambrosia {unknown}
 m - a potion of curing
 n - a potion of haste

Dungeon Overview and Level Annotations

Branches:
Dungeon (7/15)             Temple (1/1) D:6

Altars:
Ashenzari
Cheibriados
Dithmenos
Fedhas
Gozag
Hepliaklqana
Kikubaaqudgha
Makhleb
Nemelex Xobeh
Okawaru
Qazlal
Ru
Sif Muna
Trog
Uskayaw
Vehumet
Wu Jian
Zin
The Shining One

Shops:
D:4 [   D:6 (

Annotations:
D:7 Menkaure, Prince Ribbit


Message History

The orc wizard is severely wounded.
You feel very sick.
The orc wizard hits you but does no damage.
The wight hits you but does no damage.
You are more poisoned.
You shoot an arrow.
The arrow closely misses the orc wizard.
You feel extremely sick.
The orc wizard hits you with a +0 dagger.
The wight closely misses you.
You shoot an arrow.
The arrow closely misses the orc wizard.
You feel very sick. The orc wizard closely misses you. You furiously retaliate!
You headbutt the orc wizard. The wight hits you but does no damage.
You are more poisoned.
You shoot an arrow.
The arrow hits the orc wizard but does no damage.
The orc wizard is almost dead.
You feel extremely sick.
The orc wizard gestures wildly while chanting.
The orc wizard flickers and vanishes!
Deactivating autopickup; reactivate with Ctrl-A.
The wight hits you with a +0 dagger of venom.
You feel drained.
4858 ||| READING 4 scrolls of teleportation.
As you read the scroll of teleportation, it crumbles to dust.
You feel strangely unstable.
You feel very sick. Something hits you but does no damage.
The wight hits you but does no damage.
You are lethally poisoned!
You shoot an arrow. The arrow hits the wight.
The wight is moderately damaged.
You feel very sick. Something barely misses you.
The wight hits you with a +0 dagger of venom.
You are more poisoned.
You shoot an arrow. The arrow hits the wight.
The wight is severely damaged.
You die...

..##### #.# #.# #.####
#.#########....#
#.##.....#####.# #.##.....# #.#
#.##..#..# #.# ..##.....#####.#
####........##.#####
########.#.%{@z%# ### #.#[.###.#
##[## #.#..###.#
##...######.#....#.##
#...........#...[...#
.......####.#.##.#..# #.....##
#.#.......# ##...##
#.[.....<.########
##.#######.#.##.##........######


You could see a wight.

Vanquished Creatures
  Sigmund (D:6)
  Eustachio (D:5)
  Duvessa (D:6)
  A black bear (D:5)
  An orc warrior (D:6)
  An ogre (D:6)
  2 centaurs
  A phantom (D:6)
  Blork the orc (D:6)
  3 scorpions
  4 wights (D:6)
  Dowan (D:6)
  5 killer bees
  A howler monkey (D:6)
  2 hounds (D:5)
  A jelly (D:5)
  3 orc priests
  A gnoll bouda (D:6)
  2 iguanas
  3 sleepcaps
  2 orc wizards (D:5)
  3 gnolls (D:6)
  10 adders
  2 white imps
  An ufetubus (D:6)
  2 worms (D:3)
  4 dart slugs
  18 orcs
  8 ball pythons
  7 bats
  4 endoplasms
  A giant cockroach (D:4)
  2 goblins
  9 hobgoblins
  2 quokkas
  3 frilled lizards
  9 kobolds
  4 rats
127 creatures vanquished.

Vanquished Creatures (others)
  An orc wizard (D:6)
1 creature vanquished.

Grand Total: 128 creatures vanquished

Notes
Turn   | Place    | Note
-------+----------+-------------------------------------------
     0 | D:1      | qw the Minotaur Hunter began the quest for the Orb.
     0 | D:1      | Reached XP level 1. HP: 18/18 MP: 0/0
     0 | D:1      | 0 ||| qw: Version: 0.2-a-117-gc6b5c8b
     0 | D:1      | 0 ||| qw: Game counter: 2460
     0 | D:1      | 0 ||| qw: Always use a shield: true
     0 | D:1      | 0 ||| qw: God list: Okawaru
     0 | D:1      | 0 ||| qw: Allow faded altars: false
     0 | D:1      | 0 ||| qw: Do Orc after D:15 true
     0 | D:1      | 0 ||| qw: Do second Lair branch before Depths: true
     0 | D:1      | 0 ||| qw: Lair rune preference: random
     0 | D:1      | 0 ||| qw: Plans: Normal
     0 | D:1      | 0 ||| PLANNING D:1-11
   238 | D:1      | Reached XP level 2. HP: 25/25 MP: 1/1
   266 | D:1      | Reached skill level 5 in Ranged Weapons
   473 | D:1      | 473 ||| UPGRADING to +0 ring mail.
   483 | D:1      | 483 ||| DROPPING +0 leather armour.
   484 | D:1      | 484 ||| UPGRADING to +0 pair of boots.
   489 | D:1      | 489 ||| UPGRADING to +0 cloak.
   494 | D:1      | 494 ||| UPGRADING to amulet of regeneration.
   499 | D:1      | 499 ||| READING scroll labelled DATETE ROETAFY.
   500 | D:1      | 500 ||| DROPPING scroll of butterflies.
   652 | D:2      | Reached skill level 1 in Armour
   691 | D:2      | Reached skill level 3 in Fighting
   713 | D:2      | Reached XP level 3. HP: 31/31 MP: 2/2
   992 | D:2      | Found a faded altar of an unknown god.
  1095 | D:2      | 1095 ||| UPGRADING to +0 pair of gloves.
  1100 | D:2      | 1100 ||| DROPPING +6 ring of intelligence.
  1101 | D:2      | 1101 ||| READING scroll labelled RYTADA JEYCELL.
  1102 | D:2      | 1102 ||| READING scroll labelled QASAEXK GESCH.
  1294 | D:3      | Reached XP level 4. HP: 38/38 MP: 3/3
  1380 | D:3      | Reached skill level 6 in Ranged Weapons
  1773 | D:3      | 1773 ||| READING 3 scrolls labelled MID LUAPRAT.
  1774 | D:3      | 1774 ||| READING scroll labelled ASAUPPYSTRO.
  1775 | D:3      | 1775 ||| READING 3 scrolls labelled WIUMUJO OCYUTI.
  1776 | D:3      | 1776 ||| DRINKING 2 silvery potions.
  1777 | D:3      | 1777 ||| DRINKING 2 smoky dark potions.
  1778 | D:3      | 1778 ||| READING 2 scrolls of identify.
  1778 | D:3      | 1778 ||| IDENTIFYING orange potion
  1779 | D:3      | 1779 ||| DROPPING potion of attraction.
  1780 | D:3      | 1780 ||| DROPPING potion of brilliance.
  1781 | D:3      | 1781 ||| DROPPING 2 scrolls of blinking.
  1865 | D:4      | Noticed a scorpion
  1874 | D:4      | Killed a scorpion
  1875 | D:4      | Reached XP level 5. HP: 46/46 MP: 4/4
  2514 | D:4      | Found a hide-covered altar of Uskayaw.
  2707 | D:4      | Found Caaniluh's Antique Armour Shop.
  2710 | D:4      | 2710 ||| BUYING runed ring mail (189 gold).
  2710 | D:4      | Bought a runed ring mail for 189 gold pieces
  2710 | D:4      | 2710 ||| UPGRADING to +1 ring mail of fire resistance.
  2720 | D:4      | 2720 ||| DROPPING +0 ring mail.
  2721 | D:4      | 2721 ||| READING 3 scrolls labelled GEOWEA MUHUM.
  2722 | D:4      | 2722 ||| READING scroll labelled HIKHAZ NAHEM.
  2723 | D:4      | 2723 ||| READING scroll labelled WILYHI COMOMIJ.
  2724 | D:4      | 2724 ||| DROPPING 2 scrolls of poison.
  2726 | D:4      | 2726 ||| Stepping ~*~*~tactically~*~*~ (cloud).
  2759 | D:5      | Entered Level 5 of the Dungeon
  2759 | D:5      | Noticed a centaur
  2763 | D:5      | 2763 ||| STAIRDANCE
  2778 | D:5      | 2778 ||| STAIRDANCE
  2803 | D:5      | Killed a centaur
  2804 | D:5      | Reached skill level 7 in Ranged Weapons
  2804 | D:5      | Reached XP level 6. HP: 52/52 MP: 5/5
  2869 | D:5      | 2869 ||| Stepping ~*~*~tactically~*~*~ (outnumbered).
  2909 | D:5      | Reached skill level 8 in Ranged Weapons
  3054 | D:5      | Reached XP level 7. HP: 61/61 MP: 6/6
  3069 | D:5      | Noticed Eustachio
  3090 | D:5      | Killed Eustachio
  3104 | D:5      | Reached skill level 9 in Ranged Weapons
  3170 | D:5      | Found an ornate altar of the Wu Jian Council.
  3303 | D:5      | Reached skill level 3 in Dodging
  3358 | D:5      | Reached skill level 3 in Armour
  3455 | D:5      | Found a sacrificial altar of Ru.
  3457 | D:5      | 3457 ||| DRINKING 2 bubbling puce potions.
  3457 | D:5      | Gained mutation: You have hidden genetic defects. [potion
                  | of mutation]
  3457 | D:5      | Gained mutation: You passively dampen the noise of your
                  | surroundings. [potion of mutation]
  3458 | D:5      | 3458 ||| DRINKING 3 murky pink potions.
  3470 | D:6      | 3470 ||| STAIRDANCE
  3487 | D:6      | 3487 ||| STAIRDANCE
  3513 | D:6      | Reached XP level 8. HP: 70/70 MP: 7/7
  3514 | D:6      | Found a staircase to the Ecumenical Temple.
  3515 | D:6      | 3515 ||| PLANNING TEMPLE
  3517 | D:6      | Gained mutation: You occasionally lose the ability to read
                  | scrolls when taking damage. [hidden defects]
  3529 | D:6      | Reached skill level 6 in Fighting
  3529 | D:6      | 3529 ||| DRINKING potion of mutation.
  3529 | D:6      | Lost mutation: You passively dampen the noise of your
                  | surroundings. [potion of mutation]
  3529 | D:6      | Lost mutation: You have hidden genetic defects. [potion of
                  | mutation]
  3529 | D:6      | Gained mutation: You have a pair of large horns on your
                  | head. [potion of mutation]
  3529 | D:6      | Gained mutation: You expend magic power (3 MP) to
                  | strengthen your wands. [potion of mutation]
  3529 | D:6      | Gained mutation: Your spells are a little harder to cast,
                  | but a little more powerful. [potion of mutation]
  3532 | Temple   | Entered the Ecumenical Temple
  3576 | Temple   | 3576 ||| PLANNING OKAWARU WORSHIP
  3714 | Temple   | Became a worshipper of Warmaster Okawaru
  3714 | Temple   | 3714 ||| PLANNING D:1-11
  3744 | D:6      | Noticed Sigmund
  3745 | D:6      | Noticed Blork the orc
  3747 | D:6      | 3747 ||| Stepping ~*~*~tactically~*~*~ (outnumbered).
  3750 | D:6      | 3750 ||| DRINKING 2 potions of curing.
  3750 | D:6      | 3750 ||| (to cure confusion)
  3759 | D:6      | Killed Blork the orc
  3777 | D:6      | Killed Sigmund
  3778 | D:6      | Reached skill level 10 in Ranged Weapons
  3865 | D:6      | Reached * piety under Okawaru
  3879 | D:6      | 3879 ||| Stepping ~*~*~tactically~*~*~ (outnumbered).
  3903 | D:6      | 3903 ||| INVOKING Heroism.
  3997 | D:6      | Noticed Duvessa
  4009 | D:6      | Killed Duvessa
  4009 | D:6      | Noticed Dowan
  4010 | D:6      | 4010 ||| FLEEEEING.
  4017 | D:6      | 4017 ||| INVOKING Heroism.
  4025 | D:6      | Killed Dowan
  4079 | D:6      | Found a bloodstained altar of Trog.
  4081 | D:6      | 4081 ||| Stepping ~*~*~tactically~*~*~ (outnumbered).
  4084 | D:6      | 4084 ||| Stepping ~*~*~tactically~*~*~ (outnumbered).
  4086 | D:6      | 4086 ||| Stepping ~*~*~tactically~*~*~ (outnumbered).
  4089 | D:6      | 4089 ||| Stepping ~*~*~tactically~*~*~ (outnumbered).
  4091 | D:6      | 4091 ||| Stepping ~*~*~tactically~*~*~ (outnumbered).
  4159 | D:6      | Found Noozibau's Antique Weapon Emporium.
  4199 | D:6      | HP: 17/73 [orc warrior/+0 dire flail (5)]
  4200 | D:6      | 4200 ||| READING 5 scrolls of teleportation.
  4200 | D:6      | HP: 6/73 [orc priest/divine providence (12)]
  4203 | D:6      | Reached skill level 11 in Ranged Weapons
  4565 | D:6      | Found a shadowy altar of Dithmenos.
  4585 | D:6      | 4585 ||| DRINKING 2 fizzy red potions.
  4627 | D:6      | 4627 ||| DROPPING potion of lignification.
  4678 | D:7      | 4678 ||| INVOKING Heroism.
  4679 | D:7      | 4679 ||| INVOKING Heroism.
  4682 | D:7      | Reached XP level 9. HP: 59/79 MP: 5/8
  4683 | D:7      | Noticed Menkaure
  4685 | D:7      | 4685 ||| STAIRDANCE
  4694 | D:6      | HP: 19/79 [gnoll/+0 club[a gnoll bouda] (4)]
  4695 | D:6      | 4695 ||| READING 5 scrolls of teleportation.
  4696 | D:6      | 4696 ||| INVOKING Heroism.
  4699 | D:6      | HP: 18/79 [poisoned by a killer bee]
  4796 | D:7      | 4796 ||| STAIRDANCE
  4798 | D:7      | 4798 ||| STAIRDANCE
  4800 | D:6      | 4800 ||| DRINKING 2 potions of curing.
  4800 | D:6      | 4800 ||| (to cure confusion)
  4849 | D:7      | Noticed Prince Ribbit
  4850 | D:7      | 4850 ||| STAIRDANCE
  4857 | D:6      | HP: 18/75 [poisoned by a wight]
  4858 | D:6      | 4858 ||| READING 4 scrolls of teleportation.
  4859 | D:6      | HP: 7/74 [poisoned by a wight]
  4860 | D:6      | Succumbed to a wight's poison

Levels and vault maps discovered:
D:1:      wheals_arrival_shading, layout_rooms
D:2:      layout_basic, dreamdust_ecumenical_altar_hidden_monk_grotto
D:3:      layout_loops_ring, minmay_shallow_snake_nest
D:4:      layout_basic, mainiacjoe_overflow_alcove_1, serial_shops,
          kennysheep_mini_moat, chequers_serial_rivers_room_b
D:5:      layout_rooms, general_overflow_altar, nzn_wu_jian_contemplation,
          uniq_eustachio
D:6:      layout_loops_cross, mainiacjoe_overflow_surrounded_room,
          trog_hazing_becter, minmay_temple_entry_gardened_gates, serial_shops,
          shop, uniq_duvessa, uniq_blork_the_orc, uniq_sigmund
D:7:      layout_rooms, old_standard_altar, uniq_menkaure, uniq_prince_ribbit1
Temple:   nicolae_temple_bog_church

Skill      XL: |  1  2  3  4  5  6  7  8  9 |
---------------+----------------------------+-----
Ranged Weapons | 5 6 7 8 9 11 | 11.4
Armour         | 1 2 3 4 |  4.0
Fighting       | 3 4 5 7 |  7.1
Dodging        | 3 4 |  4.0
Stealth        | |  0.7
Invocations    | |  0.8

Action                     |  1- 3 |  4- 6 |  7- 9 || total
---------------------------+-------+-------+-------++-------
   Fire: Shortbow          |   122 |   162 |   296 ||   580
 Invoke: Heroism           |       |       |     4 ||     4
    Use: Scroll            |     3 |     7 |     3 ||    13
         Potion            |       |     2 |     6 ||     8
 Armour: Leather armour    |     8 |       |       ||     8
         Ring mail         |     7 |    29 |   116 ||   152
  Dodge: Dodged            |    28 |    56 |   179 ||   263

Table legend:
 A = Non-vault XP
 B = Vault XP
 C = Vault XP percentage of total XP
 D = Non-vault monster count
 E = Vault monster count
 F = Vault count percentage of total count
                 A         B        C        D         E       F
            +---------+---------+-------+---------+---------+-------
      Total |    2483 |     734 |  22.8 |     112 |      16 |  12.5
            +---------+---------+-------+---------+---------+-------
        D:1 |      19 |       0 |   0.0 |      11 |       0 |   0.0
        D:2 |      49 |       0 |   0.0 |      10 |       0 |   0.0
        D:3 |      54 |      18 |  25.0 |      21 |       5 |  19.2
        D:4 |     214 |       0 |   0.0 |      17 |       0 |   0.0
        D:5 |     798 |     203 |  20.3 |      23 |       1 |   4.2
        D:6 |    1286 |     513 |  28.5 |      29 |      10 |  25.6
        D:7 |      63 |       0 |   0.0 |       1 |       0 |   0.0
            +---------+---------+-------+---------+---------+-------
